[Event "Team 45 45 League T86"]
[Site "Internet Chess Club"]
[Date "2020.10.11"]
[Round "2"]
[White "Portola"]
[Black "ascoli"]
[Result "0-1"]
[WhiteElo "1679"]
[BlackElo "1641"]
[Opening "Queen's Pawn"]
[ECO "A41"]
[Time "11:01:35"]
[TimeControl "2700+45"]

1. d4 d6 2. Nf3 g6 3. Bf4 Bg7 4. c3 Nd7 5. e3 e5 6. dxe5 dxe5 7. Bg3 Ngf6 8.
Nbd2 O-O 9. Nxe5 Nh5 10. Nxd7 Nxg3 11. hxg3 Bxd7 12. Be2 Bc6 13. Nf3 Qe7 14. Qb3
Rad8 15. O-O a5 16. Qc4 Bd5 17. Qf4 Rd6 18. Qa4 Ra8 19. Rfd1 Bc6 20. Qf4 Rf6 21.
Qh4 Qc5 22. Rd4 Rf5 23. Rd8+ Rxd8 24. Qxd8+ Bf8 25. Nd4 Rd5 26. Qh4 Qb6 27. Rb1
Rc5 28. Nxc6 Rxc6 29. c4 Qb4 30. Rd1 Qxb2 31. Bf3 Rd6 32. Rxd6 Bxd6 33. Bd5 b5
34. Qd8+ Kg7 35. c5 Qc1+ 36. Kh2 Qxc5 37. Qa8 b4 38. Bb3 Qf5 39. Qe8 Qxf2 40.
Kh1 Qe1+ 41. Kh2 Qxg3+ 42. Kg1 Qe1# {White checkmated} 0-1

[Event "Team 45 45 League T86"]
[Site "Internet Chess Club"]
[Date "2020.10.11"]
[Round "2"]
[White "Gojira"]
[Black "evan7284"]
[Result "1/2-1/2"]
[WhiteElo "1526"]
[BlackElo "1635"]
[Opening "Queen's pawn: Chigorin variation"]
[ECO "D00"]
[Time "08:06:37"]
[TimeControl "2700+45"]

1. d4 d5 2. Nc3 e6 3. Bf4 c6 4. Nf3 f5 5. e3 Nf6 6. Ne5 Be7 7. Bd3 Nbd7 8. h3
Qb6 9. Rb1 O-O 10. g4 Ne4 11. O-O Nxe5 12. Bxe5 Qd8 13. f3 Nxc3 14. bxc3 Bd6 15.
f4 Bxe5 16. fxe5 Qg5 17. Qf3 b6 18. Qf4 Qg6 19. Kh2 Bd7 20. gxf5 exf5 21. Rg1
Qh5 22. Rg5 Qh6 23. Rbg1 g6 24. Bxf5 Bxf5 25. Rxf5 Qxf4+ 26. Rxf4 Rxf4 27. exf4
Kf7 28. Kg3 Ke6 29. Kg4 Rc8 30. Rf1 c5 31. f5+ {Game drawn by mutual agreement}
1/2-1/2

[Event "Team 45 45 League T86"]
[Site "Internet Chess Club"]
[Date "2020.10.09"]
[Round "2"]
[White "rubo"]
[Black "Constrictor"]
[Result "0-1"]
[WhiteElo "1479"]
[BlackElo "1541"]
[Opening "Dutch"]
[ECO "A80"]
[Time "20:01:25"]
[TimeControl "2700+45"]

1. d4 f5 2. Bf4 Nf6 3. e3 e6 4. Nd2 Be7 5. Bd3 b6 6. Qf3 Nc6 7. c3 Bb7 8. e4
fxe4 9. Nxe4 O-O 10. Nxf6+ Rxf6 11. Qg3 d6 12. Nf3 h6 13. h4 Qf8 14. Bg5 Rxf3
15. Bxe7 Rxd3 16. Qxd3 Nxe7 17. f3 Qf4 18. Kf2 Nf5 19. Rh3 Nxh4 20. g4 Nxf3 21.
Rxf3 Qh2+ 22. Ke3 Bxf3 23. Kxf3 Rf8+ 24. Ke3 Qf2+ 25. Ke4 Rf4# {White
checkmated} 0-1

[Event "Team 45 45 League T86"]
[Site "Internet Chess Club"]
[Date "2020.10.10"]
[Round "2"]
[White "Visin"]
[Black "g8wrb"]
[Result "1-0"]
[WhiteElo "1213"]
[BlackElo "1257"]
[Opening "French: Steinitz variation"]
[ECO "C11"]
[Time "11:01:01"]
[TimeControl "2700+45"]

1. e4 e6 2. d4 d5 3. Nc3 Nf6 4. e5 Nfd7 5. Nf3 a6 6. a3 c5 7. b3 Nc6 8. Bf4 Qb6
9. Be3 Be7 10. Be2 O-O 11. Na4 Qa5+ 12. Qd2 cxd4 13. Qxa5 Nxa5 14. Bxd4 b5 15.
Nb2 Bb7 16. O-O Rac8 17. Rfc1 Nc6 18. Nd3 Bg5 19. Rd1 Nxd4 20. Nxd4 Rc7 21. a4
b4 22. f4 Be7 23. a5 f6 24. Nxe6 Rxc2 25. Nxf8 Bxf8 26. Bf3 fxe5 27. Nxe5 Bc5+
28. Kh1 Nxe5 29. fxe5 Kf8 30. Bxd5 Bc8 31. Rac1 Bf5 32. Rxc2 Bxc2 33. Rc1 Bd4
34. Rxc2 Bxe5 35. Rc6 Ke7 36. Rxa6 Bd6 37. Rc6 Bb8 38. a6 Kd7 39. Rb6 Bd6 {Black
resigns} 1-0

[Event "Team 45 45 League T86"]
[Site "Internet Chess Club"]
[Date "2020.10.12"]
[Round "2"]
[White "WillC"]
[Black "zugknightly"]
[Result "0-1"]
[WhiteElo "1593"]
[BlackElo "1818"]
[Opening "King's Indian: fianchetto with ...Nc6"]
[ECO "E62"]
[Time "17:33:05"]
[TimeControl "2700+45"]

1. c4 Nf6 2. g3 g6 3. Bg2 Bg7 4. Nc3 O-O 5. Nf3 d6 6. d4 Nc6 7. d5 Na5 8. Nd2 c5
9. dxc6 Nxc6 10. O-O Rb8 11. Rb1 Bd7 12. Nd5 Nxd5 13. cxd5 Nb4 14. a3 Na2 15.
Qb3 Nxc1 16. Rbxc1 b5 17. Rc2 Rc8 18. Rfc1 Rxc2 19. Qxc2 Qb6 20. Qb3 Rb8 21. Rc2
a5 22. e3 Qd8 23. Qd3 b4 24. axb4 Rxb4 25. b3 a4 26. bxa4 Rxa4 27. Rc1 Qa5 28.
h3 Ra1 29. Rxa1 Qxa1+ 30. Kh2 Qe1 31. f4 Qc1 32. Nf3 Bc3 33. e4 Qb2 34. Ng1 Bb5
35. Qd1 Bc4 36. Kh1 Bd4 37. Qe1 Bf2 38. Qd1 Bxg3 39. Qf3 Qf2 40. Qxf2 Bxf2 41.
Bf3 Bg3 42. f5 gxf5 43. exf5 Kg7 44. Ne2 Be5 45. Kg2 Kf6 46. Nc1 Kxf5 47. Bg4+
Ke4 48. Bf3+ Kd4 49. Ne2+ Bxe2 50. Bxe2 Kxd5 51. Bh5 f6 52. Bf7+ Kd4 53. Kf3 h6
54. Kg4 d5 55. Kf5 Kc5 56. Kg6 Bf4 57. Kf5 Be3 58. Ke6 d4 59. Kxe7 Bg5 60. Bg6
Kc4 61. Ke6 d3 62. Kf5 d2 63. Bh5 Kc3 64. Kg4 Kc2 65. Kg3 d1=Q 66. Bxd1+ Kxd1
67. h4 f5 68. hxg5 hxg5 {White resigns} 0-1

[Event "Team 45 45 League T86"]
[Site "Internet Chess Club"]
[Date "2020.10.11"]
[Round "2"]
[White "Denis240964"]
[Black "RD1974"]
[Result "0-1"]
[WhiteElo "1445"]
[BlackElo "1583"]
[Opening "Sicilian: Taimanov variation"]
[ECO "B48"]
[Time "19:00:32"]
[TimeControl "2700+45"]

1. e4 c5 2. Nf3 e6 3. Nc3 Nc6 4. d4 cxd4 5. Nxd4 Qc7 6. Be3 a6 7. a3 b6 8. Be2
Bb7 9. O-O Nf6 10. Bd3 Ne5 11. f4 Nxd3 12. cxd3 Rc8 13. Rc1 Qb8 14. e5 Nd5 15.
Nxd5 Bxd5 16. Rxc8+ Qxc8 17. Qa4 Qb7 18. Rf2 Bc5 19. b4 b5 20. Qc2 Bb6 21. Qb2
O-O 22. Rc2 f6 23. Qc1 fxe5 24. fxe5 Qb8 25. Qb2 Qxe5 26. Re2 Qf6 27. Rf2 Qg6
28. Qe2 e5 29. Nf5 Rxf5 30. Bxb6 Qxb6 31. Qf1 Rxf2 32. Qxf2 Qxf2+ 33. Kxf2 Kf7
34. g3 Kf6 35. Ke3 Kf5 36. h3 h5 37. d4 d6 38. dxe5 dxe5 39. Kf2 g5 40. Ke3 e4
41. Ke2 Ke5 42. Ke3 Bc4 43. h4 gxh4 44. gxh4 Bd3 45. Kd2 Kf4 {White resigns} 0-1

[Event "Team 45 45 League T86"]
[Site "Internet Chess Club"]
[Date "2020.10.10"]
[Round "2"]
[White "Rybo88"]
[Black "DaveTheRook"]
[Result "1/2-1/2"]
[WhiteElo "1456"]
[BlackElo "1524"]
[Opening "Robatsch (modern) defense"]
[ECO "B06"]
[Time "17:01:04"]
[TimeControl "2700+45"]

1. e4 g6 2. Nf3 d6 3. d4 Bg7 4. Be3 Nf6 5. Nc3 O-O 6. Bd3 Nbd7 7. e5 dxe5 8.
dxe5 Ng4 9. e6 fxe6 10. Qe2 Nxe3 11. Qxe3 Nb6 12. O-O Nd5 13. Nxd5 exd5 14. Rfe1
e6 15. Ne5 Qd6 16. Qg3 Qb4 17. h4 Qf4 18. Qxf4 Rxf4 19. g3 Rf8 20. c3 c5 21.
Rad1 c4 22. Bc2 Bxe5 23. Rxe5 Bd7 24. h5 gxh5 25. Rxh5 Rf7 26. Rd4 Raf8 27. Rg4+
Kh8 28. Rgh4 Kg7 29. Rxh7+ Kf6 30. R4h6+ Ke7 31. f4 Rxh7 32. Rxh7+ Rf7 33. Kf2
Rxh7 34. Bxh7 Kf6 35. Ke3 e5 36. fxe5+ Kxe5 37. Bg8 Bg4 {Game drawn by mutual
agreement} 1/2-1/2

[Event "Team 45 45 League T86"]
[Site "Internet Chess Club"]
[Date "2020.10.07"]
[Round "2"]
[White "rookmaster23"]
[Black "KidRattler"]
[Result "0-1"]
[WhiteElo "1669"]
[BlackElo "1787"]
[Opening "Scandinavian defense"]
[ECO "B01"]
[Time "19:34:07"]
[TimeControl "2700+45"]

1. e4 d5 2. exd5 Qxd5 3. Nc3 Qa5 4. d4 Nf6 5. Nf3 Bf5 6. Bd2 e6 7. Bc4 Bb4 8. a3
Bxc3 9. Bxc3 Qb6 10. O-O O-O 11. Qe2 Nc6 12. Rfd1 Rad8 13. Bb5 Nd5 14. Bxc6 Nxc3
15. bxc3 Qxc6 16. c4 Bg4 17. Rab1 b6 18. Rb3 Rd6 19. h3 Bxf3 20. Rxf3 Rfd8 21.
c3 Qa4 22. Ra1 Rc6 23. d5 Qxc4 24. Qxc4 Rxc4 25. dxe6 fxe6 26. Re1 Rd6 27. Ree3
Ra4 28. Rd3 Rxa3 29. Rxd6 cxd6 30. Kf1 b5 31. Ke1 b4 32. cxb4 Rxf3 33. gxf3 Kf7
34. Kd2 e5 35. Ke3 Ke6 36. f4 exf4+ 37. Kxf4 Kd5 38. Kf5 Kc4 39. Ke6 d5 40. f4
d4 41. f5 d3 42. Kf7 g6 43. f6 d2 44. Kg7 d1=Q 45. f7 Qd7 46. Kg8 Qxf7+ 47. Kxf7
Kxb4 48. Kg7 a5 49. Kxh7 a4 50. Kxg6 a3 51. h4 a2 52. h5 a1=Q 53. h6 Qh8 54. h7
Kc5 {White resigns} 0-1

[Event "Team 45 45 League T86"]
[Site "Internet Chess Club"]
[Date "2020.10.09"]
[Round "2"]
[White "ivanson"]
[Black "sburreus09"]
[Result "0-1"]
[WhiteElo "1620"]
[BlackElo "1576"]
[Opening "King's pawn opening"]
[ECO "B07"]
[Time "16:01:17"]
[TimeControl "2700+45"]

1. e4 d6 2. d4 c6 3. Nc3 Qc7 4. f4 e5 5. Nf3 Bg4 6. Be3 Be7 7. h3 Bh4+ 8. Kd2
Bxf3 9. Qxf3 Nd7 10. Rd1 Ne7 11. dxe5 dxe5 12. Kc1 Bf6 13. f5 a6 14. g4 h6 15.
h4 g5 16. hxg5 hxg5 17. Rxh8+ Bxh8 18. Bxg5 f6 19. Be3 O-O-O 20. g5 fxg5 21.
Bxg5 Nf6 22. Bc4 Bg7 23. Be6+ Kb8 24. Rd3 b5 25. Qd1 Rxd3 26. Qxd3 Nc8 27. Ne2
Nd6 28. Ng3 c5 29. Bxf6 Bxf6 30. Qf3 Qg7 31. Kd1 Bh4 32. Ne2 Kc7 33. Qe3 Nb7 34.
Bd5 Bg5 35. Qg1 Qe7 36. a3 Nd8 37. b4 Nc6 38. Qxc5 Qxc5 39. bxc5 Be7 40. Kc1
Bxc5 41. Kb2 Ne7 42. Nc3 Kd6 43. Kb3 Bd4 44. Ne2 Bc5 45. Be6 a5 46. Nc3 a4+ 47.
Kb2 Bd4 48. Bf7 Nc6 49. Be8 Na7 50. Bg6 Ke7 51. Bh5 Nc8 52. Be2 Nd6 53. Bd3 Kf6
54. Be2 Kg5 55. Bd3 Kf4 56. Be2 Ke3 57. Bd3 Kd2 {White resigns} 0-1

[Event "Team 45 45 League T86"]
[Site "Internet Chess Club"]
[Date "2020.10.10"]
[Round "2"]
[White "tryanything"]
[Black "Validus"]
[Result "1/2-1/2"]
[WhiteElo "1507"]
[BlackElo "1430"]
[Opening "Scandinavian (center counter) defense"]
[ECO "B01"]
[Time "19:06:56"]
[TimeControl "2700+45"]

1. e4 d5 2. exd5 Qxd5 3. Nc3 Qd8 4. Nf3 Nf6 5. Bc4 Bf5 6. O-O e6 7. d3 c6 8. Be3
a5 9. a4 Bd6 10. h3 Nbd7 11. Ne2 h6 12. d4 O-O 13. Bd3 Bxd3 14. Qxd3 Nd5 15.
Rad1 Rc8 16. Nc3 Nxe3 17. fxe3 Nf6 18. Ne4 Nxe4 19. Qxe4 Bb8 20. c4 Qb6 21. Qc2
Qc7 22. Qf2 Rcd8 23. g4 f6 24. Qh2 Qb6 25. Qc2 Qc7 26. c5 Qf7 27. Nh4 Qc7 28.
Nf3 Qg3+ 29. Qg2 Qxg2+ 30. Kxg2 g5 31. Nd2 Bc7 32. Ne4 Kg7 33. Ng3 Rb8 34. Rf2
Bxg3 35. Kxg3 b5 36. axb5 Rxb5 37. Ra1 Rfb8 38. Ra2 Rb3 39. Rxa5 Rxe3+ 40. Rf3
Rxf3+ 41. Kxf3 Rxb2 42. Ra7+ Kg6 43. Rc7 Rb3+ 44. Kg2 Rd3 45. Rxc6 Rxd4 46. Rxe6
Rc4 47. Rc6 {Game drawn by mutual agreement} 1/2-1/2

[Event "Team 45 45 League T86"]
[Site "Internet Chess Club"]
[Date "2020.10.12"]
[Round "2"]
[White "bardu"]
[Black "Electryon"]
[Result "0-1"]
[WhiteElo "1320"]
[BlackElo "1323"]
[Opening "QGD semi-Slav: Stoltz variation"]
[ECO "D45"]
[Time "11:30:21"]
[TimeControl "2700+45"]

1. d4 d5 2. c4 c6 3. Nf3 Nf6 4. Nc3 e6 5. e3 Nbd7 6. Qc2 Bd6 7. Bd3 O-O 8. O-O
dxc4 9. Bxc4 b5 10. Bd3 Bb7 11. a3 e5 12. dxe5 Nxe5 13. Nxe5 Bxe5 14. Rd1 Qe7
15. f4 Bc7 16. Qf2 Bb6 17. Re1 Rad8 18. Bc2 a6 19. Bd2 Rfe8 20. Nd1 Qc7 21. Bc3
Qd6 22. Qh4 h6 23. Kh1 c5 24. Qg3 c4 25. Be5 Qe6 26. f5 Qxe5 27. Qxe5 Rxe5 28.
e4 Rde8 29. Nc3 Bd4 30. Red1 Bxc3 31. bxc3 Nxe4 32. Bxe4 Rxe4 33. Kg1 Re3 34.
Rac1 Re2 35. Kf1 Rxg2 36. Re1 Rxe1+ 37. Rxe1 Rxh2 38. Re8+ Kh7 39. Rf8 f6 40.
Rf7 Be4 41. Ra7 Bxf5 42. Rxa6 Bd3+ 43. Ke1 Rc2 44. Rb6 Rxc3 45. Rxb5 Rxa3 46.
Kd2 Ra2+ 47. Kc3 Rc2+ 48. Kd4 Kg6 49. Rd5 Re2 50. Ra5 h5 51. Rd5 h4 52. Ra5 h3
53. Ra1 h2 54. Kc3 Rg2 55. Rh1 Kf7 56. Kd4 g5 57. Ke3 g4 58. Kf4 f5 59. Rxh2
Rxh2 60. Kg3 Rh3+ 61. Kf4 {White resigns} 0-1

[Event "Team 45 45 League T86"]
[Site "Internet Chess Club"]
[Date "2020.10.11"]
[Round "2"]
[White "LookImYourVader"]
[Black "bobhill"]
[Result "1-0"]
[WhiteElo "1800"]
[BlackElo "1905"]
[Opening "Sicilian"]
[ECO "B50"]
[Time "17:02:29"]
[TimeControl "2700+45"]

1. e4 c5 2. Nf3 d6 3. c3 Nf6 4. h3 Nc6 5. Bd3 g6 6. O-O Bg7 7. Bc2 Bd7 8. d4
cxd4 9. cxd4 O-O 10. Nc3 Qc8 11. e5 Ne8 12. Bf4 dxe5 13. dxe5 Nc7 14. Qd2 Rd8
15. Qe3 Nb4 16. Be4 Bf5 17. Rad1 Rxd1 18. Rxd1 Nc6 19. Qd3 Bxe4 20. Qxe4 e6 21.
Bg5 Qe8 22. Qc4 Rc8 23. Qe4 a6 24. a3 b5 25. Rd6 Ne7 26. Bxe7 Qxe7 27. Qb7 Rd8
28. Rc6 Rd7 29. Qc8+ Bf8 30. Ne4 Ne8 31. Qxe8 Rd1+ 32. Kh2 Kg7 33. Qxe7 Bxe7 34.
Rxa6 Rb1 35. Ra7 Bf8 36. Nd6 Bxd6 37. exd6 Rd1 38. Rb7 Rxd6 39. Rxb5 f6 40. a4
e5 41. Rb4 g5 42. b3 h5 43. g4 h4 44. Kg2 Kf7 45. a5 Ke7 46. Kf1 Kd7 47. Ke2 Kc7
48. Nd2 Rd5 49. Rc4+ Kb7 50. b4 Rd7 51. Ne4 Ka7 52. Nxf6 Rf7 53. Ne4 Rf4 54. f3
Ka8 55. Rc5 Ka7 56. Rxe5 Ka6 57. Rf5 {Black resigns} 1-0

[Event "Team 45 45 League T86"]
[Site "Internet Chess Club"]
[Date "2020.10.09"]
[Round "2"]
[White "Beetlejuice"]
[Black "rookmaster23"]
[Result "0-1"]
[WhiteElo "1650"]
[BlackElo "1685"]
[Opening "Neo-Grünfeld defense"]
[ECO "D70"]
[Time "13:01:58"]
[TimeControl "2700+45"]

1. d4 Nf6 2. c4 g6 3. f3 d5 4. cxd5 Nxd5 5. e4 Nb6 6. Nc3 Bg7 7. Be3 O-O 8. Qd2
e5 9. d5 c6 10. O-O-O cxd5 11. exd5 N8d7 12. h4 Nf6 13. Kb1 Qd6 14. g4 Rd8 15.
Bg5 Nbxd5 16. Ka1 Be6 17. Bxf6 Bxf6 18. Bc4 Rac8 19. Nxd5 Bxd5 20. Bxd5 Qxd5 21.
Qxd5 Rxd5 22. Ne2 Rcd8 23. Rde1 Bxh4 24. Nc3 Bxe1 25. Nxd5 Rxd5 26. Rxe1 Kg7 27.
Kb1 Kf6 28. Kc2 Kg5 29. Rh1 h5 30. gxh5 gxh5 31. Kc3 f5 32. Rh2 e4 33. fxe4 fxe4
34. Kc4 Rd3 35. Rg2+ Kf4 36. Rg7 Ke3 37. Rh7 Kd2 38. Rxh5 e3 39. Rh3 Rd7 40. Rh1
e2 41. Rh2 Kd1 {White resigns} 0-1

[Event "Team 45 45 League T86"]
[Site "Internet Chess Club"]
[Date "2020.10.09"]
[Round "2"]
[White "WillC"]
[Black "fvafier"]
[Result "1-0"]
[WhiteElo "1600"]
[BlackElo "1563"]
[Opening "English, 1...Nf6 (Anglo-Indian defense)"]
[ECO "A15"]
[Time "17:05:55"]
[TimeControl "2700+45"]

1. c4 Nf6 2. g3 g6 3. Bg2 Bg7 4. Nc3 O-O 5. e3 c5 6. Nge2 Nc6 7. O-O d6 8. d4
cxd4 9. exd4 Bf5 10. a3 a5 11. Bg5 h6 12. Be3 Ng4 13. Bc1 Nf6 14. h3 h5 15. Bg5
Qd7 16. Kh2 Rfe8 17. Qd2 e5 18. dxe5 Nxe5 19. b3 Nh7 20. Be3 Qe7 21. Rad1 Red8
22. Nd5 Qf8 23. Bb6 Rd7 24. Bxa5 Nf6 25. Nb6 Rad8 26. Nxd7 Rxd7 27. Bc3 Ne4 28.
Bxe4 Bxe4 29. Bxe5 Bxe5 30. Nf4 Qc8 31. Nd5 Qc5 32. Qe3 Qxe3 33. Nxe3 b6 34. f4
Bb2 35. a4 Ba3 36. Nd5 Bxd5 37. Rxd5 Re7 38. Rf2 Re3 39. Rb5 Bc5 40. Rd2 Re6 41.
b4 Be3 42. Rc2 f5 43. a5 bxa5 44. Rxa5 Kf7 45. b5 Bc5 46. Ra6 Re7 47. b6 Rb7 48.
Rb2 Ke8 49. Ra8+ Kd7 50. Ra7 Kc8 51. Ra8+ Kd7 52. Rg8 Bxb6 53. Rg7+ Kc6 54. Rxb7
Kxb7 55. Kg2 Kc7 56. Kf3 Bc5 57. Re2 Kd7 58. Rd2 Ke6 59. Rd5 Kf6 60. g4 h4 61.
gxf5 gxf5 62. Rd1 Kf7 63. Rd2 Kf6 64. Rg2 Kf7 65. Rg5 Ke6 66. Rh5 d5 67. cxd5+
Kxd5 68. Rxf5+ Ke6 69. Rxc5 {Black resigns} 1-0

[Event "Team 45 45 League T86"]
[Site "Internet Chess Club"]
[Date "2020.10.11"]
[Round "2"]
[White "timothysmall56"]
[Black "Rookmaster"]
[Result "0-1"]
[WhiteElo "1678"]
[BlackElo "1590"]
[Opening "Pirc defense"]
[ECO "B07"]
[Time "20:30:25"]
[TimeControl "2700+45"]

1. e4 d6 2. d4 Nf6 3. f3 Nbd7 4. Bc4 e5 5. d5 c6 6. Nc3 Qc7 7. Nge2 h6 8. Be3
Be7 9. O-O g5 10. Ng3 Nf8 11. dxc6 bxc6 12. Qe2 Ng6 13. Rad1 Be6 14. Nf5 Bxf5
15. exf5 Nf4 16. Bxf4 gxf4 17. Bb3 d5 18. Rfe1 Bd6 19. Qf2 Qb6 20. Ba4 Bc5
{White resigns} 0-1

[Event "Team 45 45 League T86"]
[Site "Internet Chess Club"]
[Date "2020.10.09"]
[Round "2"]
[White "cadmiumorange"]
[Black "Draconian"]
[Result "1/2-1/2"]
[WhiteElo "1806"]
[BlackElo "1816"]
[Opening "Sicilian: Grand Prix attack"]
[ECO "B23"]
[Time "14:00:30"]
[TimeControl "2700+45"]

1. e4 c5 2. Nc3 Nc6 3. f4 e6 4. Nf3 d5 5. Bb5 d4 6. Ne2 Nf6 7. Bxc6+ bxc6 8. d3
Qc7 9. O-O Be7 10. Qe1 Kf8 11. Ng3 h5 12. e5 Ng4 13. Ne4 Ba6 14. Nfg5 Nh6 15.
Bd2 c4 16. Ba5 Qb8 17. Nd6 Kg8 18. dxc4 Bxd6 19. exd6 Qxd6 20. Bb4 Qd7 21. b3
Re8 22. Rd1 f6 23. Nf3 e5 24. fxe5 fxe5 25. Nxe5 Qc7 26. Qe4 c5 27. Qd5+ Kh7 28.
Qe4+ Kg8 29. Qd5+ Kh7 30. Qe4+ Kg8 31. Qd5+ {Game drawn by repetition} 1/2-1/2

[Event "Team 45 45 League T86"]
[Site "Internet Chess Club"]
[Date "2020.10.10"]
[Round "2"]
[White "BrianWood"]
[Black "Packerfan"]
[Result "1/2-1/2"]
[WhiteElo "1634"]
[BlackElo "1789"]
[Opening "Dutch defense"]
[ECO "A81"]
[Time "16:00:42"]
[TimeControl "2700+45"]

1. d4 f5 2. g3 Nf6 3. Bg2 e6 4. Nf3 d5 5. c4 c6 6. Nc3 Bd6 7. O-O O-O 8. b3 Nbd7
9. Qc2 Ne4 10. Bb2 Qf6 11. e3 Qh6 12. Ne2 g5 13. Ne5 Qg7 14. f3 Nef6 15. c5 Bc7
16. Rad1 h5 17. h3 Nh7 18. Nd3 Ndf6 19. Ne5 Bd7 20. h4 Be8 21. hxg5 Nxg5 22. Nf4
Nd7 23. Nxd7 Qxd7 24. Rd2 Qg7 25. Kf2 Nh7 26. Rh1 Bxf4 27. gxf4 Nf6 28. Ke1 Kf7
29. Bf1 Ke7 30. Rg2 Qh6 31. Qf2 Bf7 32. Qh4 Rg8 33. Rg5 Rg7 34. Rhg1 Rag8 35.
Rxg7 Rxg7 36. Rxg7 Qxg7 37. Qg5 Kf8 38. Kf2 Kg8 39. Bh3 Kh7 40. Bc3 Ne8 41. Qe7
Nf6 42. Qxb7 h4 43. Ke2 Qg6 44. Be1 Kg7 45. Bxh4 Qg1 46. Bf1 Qh2+ 47. Bf2 Nh5
48. Ke1 Ng3 49. Bxg3 Qxg3+ 50. Kd2 Qxf3 51. Be2 Qg2 52. Qc7 Kg8 53. Qd8+ Kg7 54.
Qg5+ Qxg5 55. fxg5 Kg6 56. Bd3 Kxg5 57. Ke2 a5 58. a3 Bh5+ 59. Kf2 Bd1 60. b4
axb4 61. axb4 Ba4 62. Kg3 Kg6 63. Kf4 Kf6 64. Be2 Kf7 65. Ke5 Ke7 66. Bd3 {Game
drawn by mutual agreement} 1/2-1/2

[Event "Team 45 45 League T86"]
[Site "Internet Chess Club"]
[Date "2020.10.09"]
[Round "2"]
[White "cayo89"]
[Black "Kingofknights"]
[Result "1/2-1/2"]
[WhiteElo "1498"]
[BlackElo "1550"]
[Opening "Caro-Kann: exchange, Rubinstein variation"]
[ECO "D00"]
[Time "17:03:53"]
[TimeControl "2700+45"]

1. d4 d5 2. Bf4 Nf6 3. e3 c5 4. c3 cxd4 5. exd4 Nc6 6. Bd3 a6 7. Nd2 Bg4 8. Ngf3
e6 9. Qb3 b5 10. h3 Bh5 11. Ne5 Nxe5 12. dxe5 Nd7 13. O-O Nc5 14. Qc2 Nxd3 15.
Qxd3 Bg6 16. Qe3 Qc7 17. Nb3 Be7 18. Rac1 O-O 19. Nd4 Rfc8 20. Qd2 Qb7 21. b3
Ba3 22. Rce1 a5 23. Nc2 Be7 24. Nd4 b4 25. Re3 bxc3 26. Rxc3 Bb4 27. Rxc8+ Rxc8
28. Qe2 Qc7 29. Rc1 Qb7 30. Rxc8+ Qxc8 31. Qb5 h6 32. Nc6 Bb1 33. Nxb4 axb4 34.
Qxb4 Bxa2 35. Qa4 Bb1 36. b4 Bc2 37. Qb5 Kf8 38. Qc5+ Qxc5 39. bxc5 Ke7 40. Be3
Kd7 41. Kf1 Kc6 42. Ke1 Bd3 43. Kd2 Bf1 44. g3 Bxh3 45. f4 Kb5 46. Kc3 Bg4 47.
Kd2 Bf3 48. Bd4 Be4 49. Kc3 Bf3 50. Kd2 Be4 51. Kc3 h5 52. Kb2 g6 53. Kb3 Bd3
54. Ka3 Bc2 55. Kb2 Bd1 56. Ka3 Bc2 {Game drawn by mutual agreement} 1/2-1/2

[Event "Team 45 45 League T86"]
[Site "Internet Chess Club"]
[Date "2020.10.10"]
[Round "2"]
[White "cap78red"]
[Black "ivanson"]
[Result "1-0"]
[WhiteElo "1443"]
[BlackElo "1596"]
[Opening "English: four knights, kingside fianchetto"]
[ECO "A29"]
[Time "14:00:35"]
[TimeControl "2700+45"]

1. c4 e5 2. Nc3 Nf6 3. Nf3 Nc6 4. g3 Bb4 5. Nd5 Bc5 6. b4 Nxb4 7. Nxb4 Bxb4 8.
Bb2 O-O 9. Nxe5 d6 10. Nd3 Ba5 11. Qa4 Bb6 12. Bg2 c6 13. O-O Be6 14. Nf4 Bf5
15. e4 Bxe4 16. Bxe4 Nxe4 17. c5 Nxc5 18. Qd4 f6 19. g4 Qd7 20. g5 Ne6 21. Qa4
Nxg5 22. Kh1 Qf5 23. Rae1 Rae8 24. h4 Rxe1 25. Rxe1 Nf3 26. Qb3+ Kh8 27. Qxf3 g5
28. hxg5 Qxg5 29. Nh5 Qh4+ 30. Kg2 Qg5+ 31. Ng3 Kg8 32. Re7 Rf7 33. Rxf7 Kxf7
34. Qh5+ Qg6 35. Qxg6+ hxg6 36. Ne4 d5 37. Nxf6 Ke6 38. f3 Bd8 39. Ng4 Bg5 40.
d3 c5 41. Ne5 Bf6 42. d4 cxd4 43. Nxg6 Kf5 44. Nf8 d3 45. Bc1 Bg5 46. Bxg5 Kxg5
47. Kf2 Kf4 48. Ne6+ Ke5 49. Nc5 Kd4 50. Nb3+ Kc3 51. f4 a5 52. Ke1 a4 53. Nd2
Kb2 54. Kd1 Kxa2 55. Kc1 b5 56. f5 b4 57. f6 b3 58. f7 b2+ 59. Kd1 b1=Q+ 60.
Nxb1 Kxb1 61. f8=Q {Black resigns} 1-0

[Event "Team 45 45 League T86"]
[Site "Internet Chess Club"]
[Date "2020.10.10"]
[Round "2"]
[White "VictorRed"]
[Black "KidRattler"]
[Result "1-0"]
[WhiteElo "1588"]
[BlackElo "1774"]
[Opening "Queen's pawn game, Darooha variation "]
[ECO "D02"]
[Time "09:02:15"]
[TimeControl "2700+45"]

1. d4 Nf6 2. Nf3 d5 3. g3 Bf5 4. Bg2 h6 5. Nc3 e6 6. Nh4 Bh7 7. Nf3 Nbd7 8. O-O
a6 9. Re1 Bd6 10. Nd2 c5 11. e3 cxd4 12. exd4 Rc8 13. Nxd5 Bxc2 14. Qe2 Rb8 15.
Nc4 Nxd5 16. Bxd5 Nb6 17. Nxb6 Qxb6 18. Qxc2 O-O 19. Bb3 Qxd4 20. Be3 Qf6 21.
Rad1 Rbc8 22. Qe4 Be5 23. Bd4 Bxd4 24. Rxd4 e5 25. Qxe5 Rc1 26. Re4 Qc6 27. Rxc1
Qxc1+ 28. Re1 Qc6 29. Qe4 Qc7 30. Qc4 Qa5 31. Re7 Kh8 32. Rxf7 Rxf7 33. Qxf7
Qe1+ 34. Kg2 Qe4+ 35. Qf3 Qe8 36. Qxb7 h5 37. Qf7 Qe4+ 38. Qf3 Qg6 39. Qf8+ Kh7
40. Qg8+ Kh6 41. Qe6 a5 42. Qxg6+ Kxg6 43. Kf3 a4 44. Bxa4 Kg5 45. b4 h4 46. b5
h3 47. b6 g6 48. b7 Kh5 49. Be8 Kg5 50. Bxg6 Kh6 51. Bf5 Kg5 52. Bxh3 Kf6 53.
b8=Q Kg5 54. Qb4 Kh5 55. a4 Kg5 56. a5 Kh5 57. a6 Kg5 58. a7 Kh5 59. a8=Q Kg5
60. Qaa5+ Kf6 61. Qbb6+ Ke7 62. Qaa7+ Ke8 63. Qbb8# {Black checkmated} 1-0

[Event "Team 45 45 League T86"]
[Site "Internet Chess Club"]
[Date "2020.10.09"]
[Round "2"]
[White "Pawnchain"]
[Black "olivermx"]
[Result "1-0"]
[WhiteElo "1327"]
[BlackElo "1327"]
[Opening "Queen's pawn, Mason variation"]
[ECO "D00"]
[Time "13:12:59"]
[TimeControl "2700+45"]

1. d4 d5 2. Bf4 Nf6 3. e3 e6 4. Nd2 c5 5. c3 a6 6. Ngf3 Bd6 7. Bg3 b5 8. Bd3 Bb7
9. Ne5 Nc6 10. f4 O-O 11. O-O c4 12. Bc2 Nd7 13. Qg4 Ncxe5 14. fxe5 Be7 15. Qh3
h6 16. Nf3 Qb6 17. Bf4 Rfe8 18. Bxh6 g6 19. Bg5 Bf8 20. Bf6 Bg7 21. Ng5 Nf8 22.
Bxg7 Kxg7 23. Nxf7 Nh7 24. Qh6+ {Black resigns} 1-0

[Event "Team 45 45 League T86"]
[Site "Internet Chess Club"]
[Date "2020.10.08"]
[Round "2"]
[White "Balderdash"]
[Black "bardu"]
[Result "0-1"]
[WhiteElo "1198"]
[BlackElo "1338"]
[Opening "Sicilian: Najdorf, Lipnitzky attack"]
[ECO "B86"]
[Time "10:02:36"]
[TimeControl "2700+45"]

1. e4 c5 2. Nf3 d6 3. d4 cxd4 4. Nxd4 Nf6 5. Nc3 a6 6. Bc4 e6 7. Bg5 Be7 8. O-O
O-O 9. Re1 b5 10. Bd3 Bb7 11. Nf3 Nbd7 12. e5 dxe5 13. Nxe5 Nxe5 14. Rxe5 Qc7
15. Bf4 Bd6 16. Bxh7+ Nxh7 17. Qd4 f6 18. Rxe6 Bxf4 19. Nd5 Bxd5 20. Qxd5 Kh8
21. g3 Be5 22. Rc6 Qf7 23. Re6 Rad8 24. Qc6 Ng5 25. f4 Bd4+ 26. Kg2 Nxe6 27. Re1
Nc7 28. Kf1 Qc4+ 29. Qxc4 bxc4 30. c3 Bb6 31. Kg2 Rd2+ 32. Kh3 Rxb2 33. Kg4 Rxa2
34. h4 Rc2 35. h5 Rxc3 36. Re7 Nd5 37. Rb7 Bf2 38. f5 Rxg3+ 39. Kh4 Rb3+ 40. Kg4
Rxb7 41. h6 gxh6 42. Kh5 Kh7 43. Kg4 Rg8+ 44. Kf3 Bc5 45. Ke2 Rg3 46. Kd2 Rb2+
47. Kc1 Rgg2 {White resigns} 0-1

[Event "Team 45 45 League T86"]
[Site "Internet Chess Club"]
[Date "2020.10.10"]
[Round "2"]
[White "Kidpython"]
[Black "oldbookseller"]
[Result "1-0"]
[WhiteElo "1154"]
[BlackElo "1003"]
[Opening "King's pawn game"]
[ECO "C21"]
[Time "13:37:16"]
[TimeControl "2700+45"]

1. e4 e5 2. d4 f6 3. dxe5 fxe5 4. Nf3 d6 5. Nc3 Nc6 6. Bb5 Ne7 7. Nd5 Be6 8. Bg5
Qd7 9. Bf6 Ng6 10. Ng5 Nf4 11. O-O h6 12. Nxe6 Nxe6 13. Qh5+ Qf7 14. Qxf7+ Kxf7
15. Bh4 Ncd4 16. Bd7 Ne2+ 17. Kh1 g5 18. Bxe6+ Kxe6 19. Nxc7+ Kd7 20. Nxa8 gxh4
21. Rfe1 Ng3+ 22. fxg3 Be7 23. gxh4 Rxa8 24. g3 Rc8 25. c3 d5 26. Rad1 Bc5 27.
Rxd5+ Ke6 28. Red1 b6 29. b4 Bf2 30. Rd6+ Kf7 31. Rd7+ Kf6 32. R1d6# {Black
checkmated} 1-0